 Dungeon Crawl Stone Soup version 0.31-a0-1499-ge0622b2318 (webtiles) character file.

Game seed: 11419930683630519990

47757 browni3141 the Grappler (level 13, -7/87 (93) HPs)
             Began as a Formicid Shapeshifter on Dec 29, 2023.
             Was an Elder of Ru.
             Mangled by a komodo dragon (28 damage)
             ... on level 5 of the Lair of Beasts.
             The game lasted 00:42:44 (20044 turns).

browni3141 the Grappler (Formicid Shapeshifter)    Turns: 20044, Time: 00:42:45

HP:   -7/87 (93)    AC: 12    Str: 19    XL:     13   Next: 83%
MP:   18/20         EV: 14    Int: 17    God:    Ru [****..]
Gold: 1134          SH:  0    Dex: 17    Spells: 17/22 levels left

rFire   . .          .
                       - Unarmed
rCold   . . .        (no shield)
rNeg    . . .        O - +0 scale mail {rPois}
rPois   +            (helmet unavailable)
rElec   .            (cloak currently unavailable)
rCorr   .            (gloves currently unavailable)
SInv    +            (boots currently unavailable)
Will    +....        o - amulet of the acrobat
Stlth   +            a - +6 ring of intelligence
HPRegen 0.34/turn    r - +4 ring of protection
MPRegen 0.17/turn

%: inaccuracy (-5), acrobat
@: exhausted, beast-form, drained
A: beast (slay +4), permanent stasis, dig shafts and tunnels, antennae 3, frail
1, inexperienced 1, missing an eye, four strong arms
a: Dig, Shaft Self, Begin Untransformation, Renounce Religion, Draw Out Power,
Power Leap


You were on level 5 of the Lair of Beasts.
You worshipped Ru.
Ru was greatly pleased with you.
You were a hulking beast.
You visited 3 branches of the dungeon, and saw 17 of its levels.
You also visited: Sewer.

You collected 1134 gold pieces.

Inventory:

Hand Weapons
 b - a +0 sling
Missiles
 v - 11 curare-tipped darts
Armour
 x - a +2 robe of positive energy
 y - a +0 cloak
 N - a +0 kite shield
 O - a +0 scale mail of poison resistance (worn)
 R - +0 acid dragon scales
 Y - a +2 pair of gloves
Magical Staves
 f - a staff of air
Jewellery
 a - a +6 ring of intelligence (left hand)
 j - an amulet of faith
 k - a +6 ring of strength
 o - an amulet of the acrobat (around neck)
 r - a +4 ring of protection (right hand)
Talismans
 c - a beast talisman (active)
 d - a flux talisman
 W - a serpent talisman
Wands
 u - a wand of mindburst (15)
 E - a wand of flame (27)
 J - a wand of charming (6)
 L - a wand of light (8)
 S - a wand of roots (15)
Scrolls
 l - 9 scrolls of teleportation
 q - 4 scrolls of amnesia
 s - a scroll of revelation
 t - 5 scrolls of immolation
 D - 2 scrolls of fog {unknown}
 F - 2 scrolls of poison {unknown}
 G - 3 scrolls of vulnerability
 I - 2 scrolls of fear {unknown}
 M - a scroll of enchant armour {unknown}
 Q - a scroll of noise {unknown}
 T - a scroll of blinking {unknown}
 U - 5 scrolls of identify
 Z - a scroll of enchant weapon {unknown}
Potions
 g - 3 potions of heal wounds
 h - 6 potions of curing
 i - 2 potions of mutation {unknown}
 m - 2 potions of lignification
 n - a potion of enlightenment {unknown}
 p - 4 potions of magic {unknown}
 w - 2 potions of haste {unknown}
 z - 2 potions of invisibility {unknown}
 A - 2 potions of attraction {unknown}
 B - a potion of berserk rage {unknown}
 H - 5 potions of might
 K - 3 potions of cancellation {unknown}
 P - 5 potions of ambrosia
 V - 2 potions of degeneration {unknown}
 X - 2 potions of brilliance {unknown}


   Skills:
 + Level 10.5 Fighting
 + Level 8.2 Armour
 * Level 8.2 Dodging
 - Level 3.0 Stealth
 * Level 13.9 Unarmed Combat
 - Level 5.0 Spellcasting
 - Level 4.0 Conjurations
 - Level 2.0 Air Magic
 - Level 8.0 Alchemy
 - Level 3.0 Evocations
 * Level 11.3 Shapeshifting


You had 17 spell levels left.
You knew the following spells:

 Your Spells              Type           Power      Damage    Failure   Level
a - Mephitic Cloud        Conj/Alch/Air  20%        N/A       17%         3
b - Mercury Vapours       Alch/Air       42%        N/A       7%          2

Your spell library contained the following spells:

 Spells                   Type           Power      Damage    Failure   Level
 Shock                    Conj/Air       56%        1d6       11%         1
 Sandblast                Erth           8%         2d5       36%         1
 Stone Arrow              Conj/Erth      22%        3d8       43%         3
 Call Imp                 Summ           8%         N/A       50%         2
 Scorch                   Fire           8%         2d5       50%         2
 Sublimation of Blood     Necr           4%         N/A       50%         2
 Call Canine Familiar     Summ           4%         N/A       73%         3
 Passwall                 Erth           4%         N/A       73%         3
 Sigil of Binding         Hex            4%         N/A       73%         3
 Airstrike                Air            5%         2d(1-17)  85%         4
 Brom's Barrelling Bould  Conj/Erth      11%        2d3       85%         4
 Flame Wave               Conj/Fire      11%        2d6       85%         4
 Iskenderun's Battlesphe  Conj           17%        2d7       89%         5
 Dimensional Bullseye     Hex/Tloc       2%         N/A       98%         4
 Fireball                 Conj/Fire      5%         3d5       99%         5
 Freezing Cloud           Conj/Ice/Air   5%         6-21      99%         5
 Conjure Ball Lightning   Conj/Air       7%         3x3d6     100%        6
 Summon Cactus Giant      Summ           2%         N/A       100%        6
 Orb of Destruction       Conj           8%         9d6       100%        7
 Summon Hydra             Summ           2%         N/A       100%        7
 Swiftness                Air            Unusable   N/A       N/A         3

Dungeon Overview and Level Annotations

Branches:
Dungeon (11/15)            Temple (1/1) D:5            Lair (5/5) D:9
 Shoals (0/4) Lair:3        Snake (0/4) Lair:3        Slime (0/5) Lair:5
    Orc (0/2) D:11          Sewer (visited)

Altars:
Ashenzari
Cheibriados
Dithmenos
Elyvilon
Fedhas
Gozag
Hepliaklqana
Kikubaaqudgha
Makhleb
Nemelex Xobeh
Okawaru
Qazlal
Ru
Sif Muna
Trog
Uskayaw
Vehumet
Wu Jian
Xom
Yredelemnul
Zin
The Shining One
Jiyva

Shops:
D:4 :

Annotations:
D:5 3 runed translucent doors, Sonofthefire's ghost, novice OpMo
D:7 3 runed translucent doors, exclusion: 3 doors, SolCadguy's ghost, novice DrRe
Lair:1 2 transporters, 3 runed translucent doors, Ofimafed's ghost, journeyman OpSh
Lair:2 exclusion: oklob plant
Lair:5 exclusion: 7 oklob plants


Innate Abilities, Weirdness & Mutations

You are a hulking beast.
Your limbs bulge with bestial killing power. (Slay +4)
You cannot be hasted, slowed, berserked, paralysed or teleported.
You can dig through walls and to a lower floor.
You have a pair of large antennae on your head. (SInv)
You are frail. (-10% HP)
You are somewhat inexperienced. (-1 XL)
You are missing an eye, making it more difficult to aim.
Your four strong arms can wield two-handed weapons with a shield.


Message History

The komodo dragon bites you but does no damage.
Unknown command.
Unknown command.
You punch the komodo dragon!
The komodo dragon is heavily wounded.
The komodo dragon barely misses you.
You feel much better. The komodo dragon closely misses you.
Unknown command.
Aiming: Mephitic Cloud (dangerous; 17% risk of failure)
Press: ? - help, Q - select action, (/) - cycle Shift-Dir - straight line, f/p - komodo dragon
Aim: a komodo dragon (heavily wounded, blind, unable to see you, chance to affect: 62%)
The ball explodes into a vile cloud!
The stinking cloud engulfs the komodo dragon.
The komodo dragon is heavily wounded.
The stinking cloud engulfs the polar bear.
The stinking cloud engulfs you.
The stinking cloud engulfs the wind drake.
The wind drake is moderately wounded.
You hear an angry hiss. x2; You hear a shout!
You hear an angry hiss.
The wind drake is engulfed in noxious fumes.
The wind drake bites you but does no damage.
The komodo dragon is engulfed in noxious fumes.
The komodo dragon bites you!!
* * * LOW HITPOINT WARNING * * *
Unknown command.
Unknown command.
Unknown command.
You barely miss the komodo dragon.
The komodo dragon is heavily wounded.
The wind drake is engulfed in noxious fumes.
The wind drake appears confused.
The wind drake completely misses the polar bear.
Unknown command.
Unknown command.
Unknown command.
You hit the komodo dragon but do no damage.
The komodo dragon is heavily wounded.
The komodo dragon is engulfed in noxious fumes.
The komodo dragon appears confused.
The komodo dragon bites you!!
You die...

#~~ ~..# #~~##~.## #
....P#. # #~~~~... #.#
...... ~~ #k~~~..###.#.
....# #P~##.P~~~~...#..
##.... .⌠~~~ ~~.......
#..... #~~##~.......
#.... #~~hlh........#
#.... #~.~k~........#
#..<. #~P~#~........##
##...
~~#~~~#..........###....
~~#~~~.~.........##.....
.~~~~~~..........##.....
~~#~~P#.........# ##....
~~⌠#~~#~~..<....# ###...
#.
#~~~~.........###P....


You could see a wind drake (repels missiles, confused, blind, unable to see
you), a polar bear and a komodo dragon (confused, blind, unable to see you).

Vanquished Creatures
  Gastronok (Lair:3)
  Josephine (Lair:3)
  Fannar (Lair:3)
  A catoblepas (Lair:4)
  A boulder beetle (D:10)
  4 death yaks (Lair:4)
  Nergalle (Lair:3)
  Amaemon (Lair:3)
  Sonja (Lair:3)
  A sea snake (Lair:5)
  Pikel (D:4)
  2 cyclopes (D:11)
  2 manticores (Lair:5)
  A merfolk siren (Lair:3)
  4 black mambas
  A gargoyle (D:10)
  16 cane toads
  A torpor snail (Lair:4)
  An orange demon (Lair:3)
  8 komodo dragons
  3 rime drakes
  2 trolls
  A queen bee (D:11)
  A wind drake (Lair:5)
  3 polar bears
  A hornet (Lair:5)
  13 dream sheep (Lair:3)
  30 blink frogs
  3 wraiths (Lair:3)
  42 yaks
  6 wyverns
  A shadow (D:11)
  3 basilisks
  5 steam dragons
  5 humans
  Menkaure (D:7)
  2 nagas (Lair:3)
  5 acid dragons
  21 water moccasins
  3 sky beasts (D:8)
  3 orc warriors
  Duvessa (D:7)
  2 ice beasts
  A black bear (D:6)
  6 ogres
  11 wolves
  3 lemures
  A centaur (D:7)
  A phantom (D:5)
  8 bullfrogs
  5 kobold brigands
  2 gnoll sergeants
  3 scorpions
  10 wights
  Dowan (D:7)
  22 killer bees
  9 howler monkeys
  4 electric eels
  A bombardier beetle (D:5)
  A jelly (D:8)
  7 orc priests
  3 hounds
  A sleepcap (D:4)
  2 iguanas
  9 orc wizards
  14 gnolls
  10 adders
  4 ribbon worms
  A white imp (D:6)
  2 ufetubi (D:5)
  5 dart slugs
  30 orcs
  12 endoplasms
  7 giant cockroaches
  8 goblins
  8 hobgoblins
  15 jackals
  6 quokkas
  9 ball pythons
  4 bats
  4 frilled lizards
  26 kobolds
  9 rats
  A butterfly (Lair:4)
493 creatures vanquished.

Vanquished Creatures (others)
  A blink frog (Lair:2)
1 creature vanquished.

Grand Total: 494 creatures vanquished

Notes
Turn   | Place    | Note
-------+----------+-------------------------------------------
     0 | D:1      | browni3141 the Formicid Shapeshifter began the quest for
                  | the Orb.
     0 | D:1      | Reached XP level 1. HP: 15/15 MP: 1/1
   145 | D:1      | Reached skill level 1 in Stealth
   145 | D:1      | Reached XP level 2. HP: 12/21 MP: 2/2
   206 | D:1      | Found a faded altar of an unknown god.
   434 | D:1      | Reached skill level 1 in Armour
   434 | D:1      | Reached XP level 3. HP: 21/26 MP: 3/3
  1032 | D:2      | Reached XP level 4. HP: 32/32 MP: 4/4
  1412 | D:3      | Found a blossoming altar of Fedhas.
  1744 | D:4      | Noticed a lemure
  1764 | D:3      | Killed a lemure
  1857 | D:4      | Reached XP level 5. HP: 32/38 MP: 5/5
  2044 | D:4      | Noticed a lemure
  2168 | D:4      | Found a shadowy altar of Dithmenos.
  2366 | D:4      | Noticed a lemure
  2395 | D:4      | Killed a lemure
  2557 | D:4      | Found a sparkling altar of Nemelex Xobeh.
  2636 | D:4      | Found Sefim's Book Shop.
  2938 | D:4      | Noticed an ogre
  2982 | D:4      | Killed an ogre
  2983 | D:4      | Reached skill level 4 in Unarmed Combat
  2983 | D:4      | Reached skill level 1 in Evocations
  2983 | D:4      | Reached XP level 6. HP: 44/44 MP: 6/6
  3109 | D:4      | Noticed Pikel
  3116 | D:4      | Killed Pikel
  3117 | D:4      | Reached skill level 5 in Unarmed Combat
  3117 | D:4      | Reached skill level 5 in Shapeshifting
  3117 | D:4      | Reached XP level 7. HP: 52/52 MP: 7/7
  3235 | D:3      | Reached XP level 8. HP: 56/58 MP: 8/8
  3679 | D:5      | Entered Level 5 of the Dungeon
  3856 | D:5      | Reached skill level 6 in Unarmed Combat
  4136 | D:5      | Reached XP level 9. HP: 64/66 MP: 9/9
  4224 | D:5      | Reached skill level 7 in Unarmed Combat
  4556 | D:5      | Noticed Sonofthefire's ghost (novice OpMo)
  4589 | D:5      | Reached skill level 5 in Fighting
  4604 | D:5      | Found a runed translucent gate.
  4604 | D:5      | Found a runed translucent gate.
  4604 | D:5      | Found a runed translucent gate.
  4613 | D:5      | Found a staircase to the Ecumenical Temple.
  4995 | Temple   | Entered the Ecumenical Temple
  5115 | D:6      | Reached skill level 8 in Unarmed Combat
  5178 | D:6      | Found a stormy altar of Qazlal.
  5208 | D:6      | Found an ancient bone altar of Kikubaaqudgha.
  5488 | D:6      | Found a glowing drain.
  5507 | Sewer    | Entered a sewer
  5930 | D:6      | Found an iron altar of Okawaru.
  5950 | D:6      | Reached skill level 9 in Unarmed Combat
  6464 | D:7      | Noticed Menkaure
  6468 | D:7      | Killed Menkaure
  6469 | D:7      | Reached XP level 10. HP: 39/77 MP: 10/10
  6742 | D:7      | Noticed Duvessa
  6744 | D:7      | Noticed Dowan
  6749 | D:7      | Killed Dowan
  6753 | D:7      | Killed Duvessa
  6829 | D:7      | Found a shimmering blue altar of Sif Muna.
  7273 | D:7      | Found a runed translucent gate.
  7273 | D:7      | Found a runed translucent gate.
  7275 | D:7      | Found a runed translucent gate.
  7279 | D:7      | Noticed SolCadguy's ghost (novice DrRe)
  7466 | D:8      | Reached skill level 10 in Unarmed Combat
  8043 | D:8      | Reached XP level 11. HP: 68/82 MP: 11/11
  8603 | D:9      | Reached skill level 11 in Unarmed Combat
  8694 | D:9      | Found a hide-covered altar of Uskayaw.
  8856 | D:9      | Reached skill level 5 in Armour
  8987 | D:9      | Found a staircase to the Lair.
  9138 | D:9      | Reached skill level 5 in Dodging
  9582 | D:10     | Entered Level 10 of the Dungeon
  9608 | D:10     | Noticed a boulder beetle
  9629 | D:10     | Killed a boulder beetle
  9665 | D:10     | Found a bloodstained altar of Trog.
  9885 | D:10     | Reached skill level 12 in Unarmed Combat
 10442 | D:10     | Found a glowing golden altar of the Shining One.
 10445 | D:10     | Found a basalt altar of Yredelemnul.
 10446 | D:10     | Found a hazy altar of Hepliaklqana.
 10446 | D:10     | Found a broken altar of Ashenzari.
 10447 | D:10     | Found a sacrificial altar of Ru.
 10448 | D:10     | Found a glowing silver altar of Zin.
 10453 | D:10     | Became a worshipper of Ru the Awakened
 10538 | D:10     | Reached XP level 12. HP: 33/90 MP: 12/12
 11258 | D:11     | Found a staircase to the Orcish Mines.
 11692 | D:11     | Gained mutation: You are missing an eye, making it more
                  | difficult to aim. [Ru sacrifice]
 11692 | D:11     | Reached * piety under Ru
 12147 | Lair:1   | Entered Level 1 of the Lair of Beasts
 12180 | Lair:1   | Learned a level 3 spell: Mephitic Cloud
 12427 | Lair:1   | Reached skill level 1 in Alchemy
 12740 | Lair:1   | Found a transporter.
 12740 | Lair:1   | Noticed a swamp dragon
 12777 | Lair:1   | Found a transporter.
 12809 | Lair:1   | Reached skill level 1 in Spellcasting
 13259 | Lair:1   | Reached skill level 1 in Conjurations
 13294 | Lair:1   | Found a runed translucent gate.
 13294 | Lair:1   | Noticed a ten-headed hydra
 13295 | Lair:1   | Noticed Ofimafed's ghost (journeyman OpSh)
 13296 | Lair:1   | Noticed a ten-headed hydra
 13350 | Lair:1   | Found a runed translucent gate.
 13352 | Lair:1   | Found a runed translucent gate.
 13433 | Lair:1   | Reached skill level 1 in Air Magic
 14054 | Lair:2   | Reached skill level 5 in Alchemy
 14286 | Lair:2   | Reached XP level 13. HP: 89/102 MP: 17/17
 14700 | Lair:2   | Found a blossoming altar of Fedhas.
 15124 | Lair:2   | Gained mutation: You are frail. (-10% HP) [Ru sacrifice]
 15124 | Lair:2   | Reached ** piety under Ru
 15192 | Lair:3   | Noticed Nergalle
 15208 | Lair:3   | Killed Nergalle
 15524 | Lair:3   | Noticed Gastronok
 15553 | Lair:3   | Killed Gastronok
 15554 | Lair:3   | Reached skill level 5 in Spellcasting
 15967 | Lair:3   | Found a staircase to the Shoals.
 16023 | Lair:3   | Noticed Josephine
 16061 | Lair:3   | Killed Josephine
 16062 | Lair:3   | Reached skill level 10 in Shapeshifting
 16246 | Lair:3   | Noticed Fannar
 16340 | Lair:3   | Killed Fannar
 16341 | Lair:3   | Reached skill level 13 in Unarmed Combat
 16415 | Lair:3   | Noticed Sonja
 16422 | Lair:3   | Killed Sonja
 16505 | Lair:3   | Reached XP level 14. HP: 58/98 MP: 6/21
 16523 | Lair:3   | Reached skill level 10 in Fighting
 16642 | Lair:3   | Noticed Amaemon
 16662 | Lair:3   | Killed Amaemon
 16815 | Lair:3   | Found a staircase to the Snake Pit.
 17487 | Lair:3   | Learned a level 2 spell: Mercury Vapours
 18061 | Lair:4   | HP: 4/99 [yak (13)]
 18066 | Lair:4   | Gained mutation: You are somewhat inexperienced. (-1 XL)
                  | [Ru sacrifice]
 18066 | Lair:4   | Reached XP level 13. HP: 35/92 MP: 12/20
 18066 | Lair:4   | Reached *** piety under Ru
 18066 | Lair:4   | Reached **** piety under Ru
 18602 | Lair:5   | Entered Level 5 of the Lair of Beasts
 18835 | Lair:5   | Found a viscous altar of Jiyva.
 18835 | Lair:5   | Found a staircase to the Slime Pits.
 19753 | Lair:5   | HP: 3/93 [oklob plant/splash of acid (15)]
 20044 | Lair:5   | Mangled by a komodo dragon

Illustrated notes

Levels and vault maps discovered:
D:1:      dpeg_arrival_shrine, layout_loops_ring,
          shapermc_ecumenical_altar_mp_urbaneastern, reono_crystal_passage
D:2:      layout_rooms, minmay_hexomino_u4
D:3:      layout_loops_cross, nicolae_overflow_hidden_temple
D:4:      layout_basic, nicolae_dithmenos_the_darkroom,
          nemelex_diamond_rough_becter, serial_shops, shop_fountains,
          chequers_serial_rivers_micro_e, uniq_pikel
D:5:      layout_cave_pools, minmay_temple_entry_trees, gammafunk_ghost_icy,
          minmay_puff
D:6:      layout_loops_corners, mainiacjoe_overflow_brackets,
          nicolae_qazlal_scattered_showers,
          mainiacjoe_overflow_concentric_impassable, portal_sewer_entry_b
D:7:      layout_loops_ring, old_standard_altar, gammafunk_ghost_necromancy,
          chequers_serial_rivers_room_a, chequers_garden, uniq_menkaure,
          uniq_duvessa
D:8:      layout_loops_ring, minmay_ruffians
D:9:      layout_cave_pools, nicolae_uskayaw_dance_hall,
          minmay_lair_entry_grove, st_stairs_6, moated_statue,
          kennysheep_generic_room_6
D:10:     layout_small_grid, mainiacjoe_overflow_small_starburst, minitemple,
          minmay_misc_feat_iff, grunt_ministairs_3,
          chequers_serial_rivers_micro_c
D:11:     layout_long_grid, erik_orc_4, serial_bayou, serial_bayou_shore_a,
          serial_bayou_lagoon_a, serial_bayou_pond_d, serial_bayou_pond_b,
          minivault_7
Temple:   hellmonk_temple_two_chambers
Lair:1:   gammafunk_cloud_chamber, layout_layer_cave, gammafunk_ghost_hydra_chop
Lair:2:   layout_layer_cave, hangedman_tree_tricks, minmay_stone_trees_small,
          st_stairs_7, lemuel_fruit_fields, lemuel_fruit_tree,
          grunt_megastairs_3
Lair:3:   layout_chaotic_city, elwin_shoals_entry_rooms,
          guppyfry_snake_entry_garden, minivault_23, grunt_megastairs_4,
          uniq_fannar, uniq_josephine, uniq_sonja, uniq_gastronok, uniq_amaemon,
          uniq_nergalle
Lair:4:   layout_roguey, infiniplex_staircase_pool_2, lemuel_fruit_fields,
          grunt_megastairs_5
Lair:5:   gammafunk_lair_ancient_temple, layout_concentric_octagons,
          minmay_slime_entry_oklob_open, minmay_hedge_maze

Skill      XL: |  1  2  3  4  5  6  7  8  9 10 11 12 13 14 |
---------------+-------------------------------------------+-----
Stealth        | 1 2 3 |  3.0
Dodging        | 2 4 5 6 8 7 |  8.2
Armour         | 1 2 4 6 7 8 |  8.2
Shapeshifting  | 4 5 6 7 11 | 11.3
Fighting       | 2 3 4 6 7 9 10 | 10.5
Unarmed Combat | 4 5 6 9 10 12 13 | 13.9
Evocations     | 1 3 |  3.0
Alchemy        | 5 6 8 |  8.0
Spellcasting   | 3 5 |  5.0
Conjurations   | 2 4 |  4.0
Air Magic      | 1 2 |  2.0

Action                     |  1- 3 |  4- 6 |  7- 9 | 10-12 | 13-15 || total
---------------------------+-------+-------+-------+-------+-------++-------
  Melee: Unarmed           |    66 |    94 |   262 |   618 |   578 ||  1618
         Punch             |     1 |       |     8 |    42 |    49 ||   100
         Staff             |       |       |       |     1 |       ||     1
   Fire: Sling             |     8 |    68 |    50 |    24 |       ||   150
  Throw: Dart              |       |     2 |       |     4 |       ||     6
   Cast: Mephitic Cloud    |       |       |       |       |    40 ||    40
         Mercury Vapours   |       |       |       |       |    13 ||    13
 Invoke: Sacrifice an Eye  |       |       |       |     1 |       ||     1
         Draw Out Power    |       |       |       |       |     2 ||     2
         Sacrifice Health  |       |       |       |       |     1 ||     1
         Sacrifice Experie |       |       |       |       |     1 ||     1
Ability: Dig               |       |       |     3 |    10 |    10 ||    23
  Evoke: Wand              |       |     4 |     4 |    10 |    12 ||    30
    Use: Scroll            |       |     1 |     2 |     5 |       ||     8
         Potion            |       |       |       |       |     5 ||     5
   Stab: Sleeping          |     1 |     2 |     4 |     1 |       ||     8
         Distracted        |       |       |       |     1 |     3 ||     4
         Confused          |       |       |       |       |    31 ||    31
         Invisible         |       |       |       |       |     6 ||     6
 Armour: Leather armour    |    31 |    48 |       |       |       ||    79
         Robe              |       |       |     7 |       |       ||     7
         Chain mail        |       |       |   159 |    63 |       ||   222
         Scale mail        |       |       |       |   161 |   294 ||   455
         Acid dragon scale |       |       |       |    78 |       ||    78
         Skin              |       |       |       |     5 |       ||     5
  Dodge: Dodged            |    36 |    56 |   113 |   402 |   262 ||   869
   Form: Serpent           |       |       |       |     1 |       ||     1
         Beast             |       |       |       |     1 |       ||     1

Table legend: (Time is in decaauts)
 A = Elapsed time spent in this place.
 B = Non-inter-level travel time spent in this place.
 C = Inter-level travel time spent in this place.
 D = Time resting spent in this place.
 E = Time spent auto-exploring this place.
 F = Levels seen in this place.
 G = Mean time per level.
                   A        B        C        D        E       F      G
               +--------+--------+--------+--------+--------+-----+--------+
         Total |  19818 |  19226 |    592 |   1541 |  13565 |  18 | 1101.0 |
       Dungeon |  11880 |  11403 |    477 |    604 |   8121 |  11 | 1080.0 |
        Temple |      1 |      1 |      0 |      0 |      0 |   1 |    1.0 |
          Lair |   7543 |   7428 |    115 |    936 |   5162 |   5 | 1508.6 |
         Sewer |    393 |    393 |      0 |      0 |    282 |   1 |  393.0 |
               +--------+--------+--------+--------+--------+-----+--------+

Top non-repeatable levels by time:
  Lair:3: 2291 daAuts
  Lair:4: 1663 daAuts
     D:4: 1476 daAuts
  Lair:1: 1435 daAuts
  Lair:2: 1323 daAuts
    D:11: 1282 daAuts
     D:5: 1243 daAuts
     D:9: 1231 daAuts
    D:10: 1221 daAuts
     D:8: 1094 daAuts
     D:7: 1025 daAuts
     D:6: 1008 daAuts
     D:1: 856 daAuts
     D:3: 841 daAuts
  Lair:5: 828 daAuts
